 Dungeon Crawl Stone Soup version 0.26-a0-651-gb41185065b (webtiles) character file.

Game seed: 11170952130989575637

3 DavidChitty2 the Magician (level 1, 14/14 HPs)
             Began as a Palentonga Hedge Wizard on Sept 2, 2020.
             Quit the game on level 1 of the Dungeon on Oct 4, 2020.
             The game lasted 00:01:16 (218 turns).

DavidChitty2 the Magician (Palentonga Hedge Wizard)  Turns: 218, Time: 00:01:17

Health: 14/14      AC:  4    Str: 13    XL:     1   Next: 41%
Magic:  2/4        EV: 10    Int: 14    God:
Gold:   0          SH:  0    Dex:  9    Spells: 5/6 levels left

rFire    . . .     SeeInvis +   a - +0 dagger
rCold    . . .     Faith    .   (no shield)
rNeg     . . .     Spirit   .   b - +0 robe
rPois    .         Reflect  .   c - +0 hat
rElec    .         Harm     .   (no cloak)
rCorr    .         Rampage  .   (no gloves)
MR       .....                  (no barding)
Stlth    +.........             (no amulet)
HPRegen  0.04/turn              (no ring)
MPRegen  0.09/turn              (no ring)

@: no status effects
A: large, rugged brown scales 3, see invisible, deformed body, roll, armoured
tail
a: Rolling Charge


You were on level 1 of the Dungeon.
You visited 1 branch of the dungeon, and saw 1 of its levels.

Inventory:

Hand Weapons
 a - a +0 dagger (weapon)
Armour
 b - a +0 robe (worn)
 c - a +0 hat (worn)
Scrolls
 d - a scroll of enchant weapon {unknown}


   Skills:
 + Level 1.6 Dodging
 - Level 1.2 Stealth
 + Level 3.0 Spellcasting
 + Level 1.1 Conjurations
   Level 0.7 Summonings
   Level 1.0 Translocations


You had 5 spell levels left.
You knew the following spells:

 Your Spells              Type           Power        Failure   Level
a - Magic Dart            Conj           #...         14%         1

Your spell library contained the following spells:

 Spells                   Type           Power        Failure   Level
 Blink                    Tloc           N/A          22%         2
 Call Imp                 Summ           #.......     24%         2
 Slow                     Hex            #.......     32%         2
 Conjure Flame            Conj/Fire      #.......     45%         3
 Mephitic Cloud           Conj/Pois/Air  #.......     50%         3


Dungeon Overview and Level Annotations

Branches:
Dungeon (1/15)

Altars:


Innate Abilities, Weirdness & Mutations

You are completely covered in rugged brown scales. (AC +3, +7% HP)
You have supernaturally acute eyesight. (SInv)
Armour fits poorly on your strangely shaped body.
You can roll at foes to attack.
You have a long armoured tail.


Message History

Options error: Bad channel -- pray (~/.crawlrc:4530) Options error: Bad channel -- food (~/.crawlrc:4533) Welcome, DavidChitty2 the Palentonga Hedge Wizard.
Will you be the one to retrieve the fabulous Orb of Zot from the depths?
Found a scroll labeled IJAN QAIZYTHIY, a spear, 9 gold pieces and a dagger.
Found a staircase leading out of the dungeon.
Okay, then.
Found 15 arrows.
d - a scroll labeled IJAN QAIZYTHIY You see here a dagger.
A leopard gecko comes into view.
A leopard gecko is nearby!
A leopard gecko is nearby!
The leopard gecko hisses angrily.
Found a stone staircase leading down.
The leopard gecko barely misses you.
You hit the leopard gecko. The leopard gecko bites you.
You closely miss the leopard gecko. The leopard gecko bites you.
You hit the leopard gecko.
Your tail-slap misses the leopard gecko.
The leopard gecko bites you.
* * * LOW HITPOINT WARNING * * *
Aim: a leopard gecko (almost dead)
The magic dart hits the leopard gecko.
You kill the leopard gecko!
Your Conjurations skill increases to level 1!
You start resting.
You start resting.
Found 15 arrows.
You see here a leopard gecko corpse.
There is a stone staircase leading down here.
A goblin comes into view. It is wielding a +0 dagger.
The goblin shouts!
Found 5 gold pieces.
Aim: a goblin, wielding a +0 dagger The magic dart hits the goblin.
Aim: a goblin, wielding a +0 dagger (severely wounded)
The magic dart hits the goblin.
You kill the goblin!
Okay, then.
Unknown command.
Saving game... please wait.
Options error: Bad channel -- pray (~/.crawlrc:4530) Options error: Bad channel -- food (~/.crawlrc:4533) Welcome back, DavidChitty2 the Palentonga Hedge Wizard.
Options error: Bad channel -- pray (~/.crawlrc:4530) Options error: Bad channel -- food (~/.crawlrc:4533) Welcome back, DavidChitty2 the Palentonga Hedge Wizard.

.....#######>.##.##..
..... #.## # ..( #.#
.. #.# #.# #.#
#######.# ........#
######.@# ##........
......... #.........
##........ ##....)..
#...... .....$


There were no monsters in sight!

Vanquished Creatures
  A leopard gecko (D:1)
  A goblin (D:1)
2 creatures vanquished.

Notes
Turn   | Place    | Note
-------+----------+-------------------------------------------
     0 | D:1      | DavidChitty2 the Palentonga Hedge Wizard began the quest
                  | for the Orb.
     0 | D:1      | Reached XP level 1. HP: 14/14 MP: 4/4
    15 | D:1      | Reached skill level 1 in Conjurations
   218 | D:1      | Upgraded the game from 0.26-a0-597-gb535b0901c to
                  | 0.26-a0-651-gb41185065b
   218 | D:1      | Quit the game

Illustrated notes

Levels and vault maps discovered:
D:1:      roderic_crop_circles_arrival_small, layout_rooms

Skill      XL: |  1 |
---------------+----+-----
Conjurations   | 1 |  1.1
Dodging        | |  1.6
Stealth        | |  1.2
Spellcasting   | |  3.0
Summonings     | |  0.7
Translocations | |  1.0

Action                   || total
-------------------------++-------
Melee: Dagger            ||     3
 Cast: Magic Dart        ||     3
Dodge: Dodged            ||     1

Table legend: (Time is in decaauts)
 A = Elapsed time spent in this place.
 B = Non-inter-level travel time spent in this place.
 C = Inter-level travel time spent in this place.
 D = Time resting spent in this place.
 E = Time spent auto-exploring this place.
 F = Levels seen in this place.
 G = Mean time per level.
                   A        B        C        D        E       F      G
               +--------+--------+--------+--------+--------+-----+--------+
         Total |    218 |    218 |      0 |    184 |     21 |   1 |  218.0 |
       Dungeon |    218 |    218 |      0 |    184 |     21 |   1 |  218.0 |
               +--------+--------+--------+--------+--------+-----+--------+

Top non-repeatable levels by time:
     D:1: 218 daAuts
